 Dungeon Crawl Stone Soup version 0.18.1-48-g4cf74bf (webtiles) character file.

202 Krapule the Insei (level 5, 0/38 HPs)
             Began as a Demonspawn Transmuter on July 1, 2016.
             Succumbed to an adder's poison
             ... on level 3 of the Dungeon.
             The game lasted 00:10:24 (3184 turns).

Krapule the Insei (Demonspawn Transmuter)           Turns: 3184, Time: 00:10:24

Health: 0/38       AC:  4    Str:  7 (10) XL:     5   Next: 50%
Magic:  5/8        EV: 13    Int: 17 (20) God:
Gold:   107        SH:  0    Dex: 15 (16) Spells: 2 memorised, 6 levels left

rFire  . . .     SeeInvis +       - Unarmed
rCold  . . .     Gourm    +     b - +0 robe
rNeg   . . .     Faith    .     (no shield)
rPois  .         Spirit   .     (no helmet)
rElec  .         Dismiss  .     (no cloak)
rCorr  .         Reflect  .     j - +1 pair of gloves
SustAt .         Harm     .     (no boots)
MR     +....                    h - amulet of the gourmand
Stlth  ++........               k - ring of see invisible
                                i - ring of protection from magic

@: brilliant, lethally poisoned (0 -> -4), exhausted, flying, slowed, very slow,
somewhat resistant to hostile enchantments, unstealthy
A: thin skeletal structure 1, demonic guardian 1
a: no special abilities


You were on level 3 of the Dungeon.
You were very full.

You visited 1 branch of the dungeon, and saw 3 of its levels.

You collected 107 gold pieces.

Inventory:

Missiles
 a - 3 arrows
Armour
 b - a +0 robe (worn)
 j - a +1 pair of gloves (worn)
Jewellery
 h - an amulet of the gourmand (around neck)
 i - a ring of protection from magic (left hand)
 k - a ring of see invisible (right hand)
Wands
 t - a wand of flame (28/48)
Scrolls
 g - 6 scrolls of identify {unknown}
 l - a scroll of teleportation {unknown}
 o - a scroll of random uselessness {unknown}
 p - a scroll of fog {unknown}
 q - a scroll of noise {unknown}
 u - a scroll of recharging {unknown}
 y - a scroll of fear {unknown}
 A - 2 scrolls of remove curse {unknown}
Potions
 e - a potion of lignification
 f - a potion of flight
 m - a potion of berserk rage
 n - a potion of brilliance
 r - a potion of cancellation {unknown}
 s - a potion of degeneration
 v - a potion of curing {unknown}
 z - a potion of haste {unknown}
 B - a potion of cure mutation {unknown}
Books
 c - a book of Changes

   Spells                             Type                      Level
   a - Beastly Appendage              Transmutation                1
   b - Sticks to Snakes               Transmutation                2
   c - Spider Form                    Transmutation/Poison         3
   d - Ice Form                       Ice/Transmutation            4
   e - Blade Hands                    Transmutation                5
Comestibles
 d - 3 bread rations
 w - a beef jerky


   Skills:
 + Level 2.1 Fighting
 + Level 1.3 Armour
 * Level 2.9 Dodging
 * Level 3.5 Unarmed Combat
 + Level 2.5 Spellcasting
 * Level 2.6 Transmutations


You had 6 spell levels left.
You knew the following spells:

 Your Spells              Type           Power        Failure   Level  Hunger
a - Sticks to Snakes      Trmt           ###.....     1%          2    ##.....
b - Beastly Appendage     Trmt           ###...       1%          1    #......


Dungeon Overview and Level Annotations

Branches:
Dungeon (3/15)

Altars:
Kikubaaqudgha


Innate Abilities, Weirdness & Mutations

You have a somewhat thin skeletal structure (Dex +2, Stealth).
A weak demonic guardian rushes to your aid.


Message History

You kill the kobold!
* * * LOW HITPOINT WARNING * * *
You feel sick.
You punch the rat!
You kill the rat!
You are too berserk!
You feel a strong urge to attack something.
You are no longer berserk.
You are exhausted.
You feel yourself slow down.
* * * LOW HITPOINT WARNING * * *
You feel sick.
Drink which item? (? for menu, Esc to quit)
It was a potion of brilliance.
You feel clever all of a sudden.
Drink which item? (? for menu, Esc to quit)
It was a potion of degeneration.
There was something very wrong with that liquid.
You feel weakened.
You feel dopey.
You feel clumsy.
You die...

#.# #.# #.# #.#
#.# #.# #.#####.#
#.# ........# #.#
#.####### #.# #.#
#.# #.# #.# #.#
#)#
#.##############@#
.................#
##################


There were no monsters in sight!

Vanquished Creatures
  An orc wizard (D:3)
  Natasha (D:2)
  5 adders
  An ooze (D:1)
  2 worms (D:3)
  3 dart slugs
  5 orcs (D:3)
  3 ball pythons
  4 giant cockroaches
  8 goblins
  4 hobgoblins
  A quokka (D:2)
  3 bats (D:1)
  4 giant newts
  5 kobolds
  9 rats
59 creatures vanquished.

Vanquished Creatures (collateral kills)
  Natasha (twice) (D:2)
  A worm (D:2)
  An orc (D:3)
4 creatures vanquished.

Vanquished Creatures (others)
  A kobold (D:2)
1 creature vanquished.

Grand Total: 64 creatures vanquished

Notes
Turn   | Place    | Note
--------------------------------------------------------------
     0 | D:1      | Krapule the Demonspawn Transmuter began the quest for the Orb.
     0 | D:1      | Reached XP level 1. HP: 15/15 MP: 3/3
   314 | D:1      | Gained mutation: A weak demonic guardian rushes to your aid. [demonic ancestry]
   314 | D:1      | Reached XP level 2. HP: 17/21 MP: 5/5
   942 | D:1      | Gained mutation: You have a somewhat thin skeletal structure (Dex +2, Stealth). [demonic ancestry]
   942 | D:1      | Reached XP level 3. HP: 17/26 MP: 6/6
  1052 | D:2      | Found an ancient bone altar of Kikubaaqudgha.
  1159 | D:2      | Reached skill level 3 in Unarmed Combat
  1390 | D:2      | Learned a level 2 spell: Sticks to Snakes
  1446 | D:2      | Noticed Natasha
  1453 | D:2      | Killed Natasha
  1453 | D:2      | Reached XP level 4. HP: 32/32 MP: 4/7
  1697 | D:2      | Noticed Natasha
  1703 | D:2      | Killed Natasha
  1888 | D:2      | Noticed Natasha
  1893 | D:2      | Killed Natasha
  2153 | D:3      | Reached skill level 1 in Armour
  2172 | D:3      | Reached XP level 5. HP: 33/38 MP: 8/8
  3177 | D:3      | HP: 2/57 [kobold/short sword (2)]
  3182 | D:3      | HP: 1/38 [poisoned by an adder]
  3184 | D:3      | Succumbed to an adder's poison

Skill      XL: |  1  2  3  4  5 |
---------------+----------------+-----
Transmutations | 2 |  2.6
Dodging        | 2 |  2.9
Unarmed Combat | 3 |  3.5
Armour         | 1 |  1.3
Fighting       | 2 |  2.1
Spellcasting   | |  2.5

Action                   |  1- 3 |  4- 6 || total
-------------------------+-------+-------++-------
Melee: Unarmed           |   108 |   172 ||   280
       Punch             |     2 |     2 ||     4
 Cast: Sticks to Snakes  |     1 |     8 ||     9
  Use: Potion            |     1 |     4 ||     5
 Stab: Sleeping          |     2 |    11 ||    13
       Distracted        |       |     1 ||     1
  Eat: Chunk             |     5 |    11 ||    16
Armor: Robe              |    26 |    24 ||    50
       Skin              |     1 |       ||     1
Dodge: Dodged            |    55 |    89 ||   144
